 Dungeon Crawl Stone Soup version 0.30-a0-377-g5cb311bc9f (webtiles) character file.

Game seed: 3583797092163704178

56496 themarg the Destroyer (level 14, 0/121 HPs)
             Began as a Yellow Draconian Conjurer on Nov 30, 2022.
             Was a High Priest of Vehumet.
             Succumbed to poison (dark miasma)
             ... in a Gauntlet.
             The game lasted 01:25:22 (26211 turns).

themarg the Destroyer (Yellow Draconian Conjurer)  Turns: 26211, Time: 01:25:23

Health: 0/121      AC: 13    Str: 14    XL:     14   Next: 42%
Magic:  8/29       EV: 17    Int: 23    God:    Vehumet [*****.]
Gold:   1035       SH:  0    Dex: 12    Spells: 0/35 levels left

rFire   . . .      SeeInvis .    o - +1 whip "Fecwing" {vorpal, Str+4 Dex+2}
rCold   + . .      Faith    .    (no shield)
rNeg    . . .      Spirit   .    (body armour unavailable)
rPois   .          Reflect  .    (helmet restricted)
rElec   .          Harm     .    F - +0 cloak
rCorr   +          Rampage  .    N - +0 pair of gloves
Will    +....      NoTele   +    A - +2 pair of boots
Stlth   ++........               q - amulet of regeneration
HPRegen 1.20/turn                Z - ring of protection from cold
MPRegen 0.21/turn                J - +4 ring of evasion

@: lethally poisoned (0 -> -58), short of breath, slowed, very slow
A: spit acid, AC +8, unfitting armour, acidic bite, cold-blooded, acid
resistance
a: Breathe Acid, Renounce Religion


You were in a Gauntlet.
You worshipped Vehumet.
Vehumet was extremely pleased with you.
You visited 4 branches of the dungeon, and saw 19 of its levels.
You also visited: Bailey and Gauntlet.

You collected 1329 gold pieces.
You spent 294 gold pieces at shops.

Inventory:

Hand Weapons
 o - the +1 whip "Fecwing" (weapon) {vorpal, Str+4 Dex+2}
   (You found it on level 2 of the Dungeon)

   It inflicts extra damage upon your enemies.
   Str:       It affects your strength (+4).
   Dex:       It affects your dexterity (+2).
Missiles
 j - 3 curare-tipped darts (quivered)
 y - a throwing net
 I - 3 atropa-tipped darts
 U - 2 boomerangs of dispersal
Armour
 A - a +2 pair of boots (worn)
 F - a +0 cloak (worn)
 N - a +0 pair of gloves (worn)
Jewellery
 q - an amulet of regeneration (around neck)
 B - a ring of see invisible
 H - the ring "Ronannots" {Fly Dex+2 Slay+4}
   (You found it on level 1 of the Lair of Beasts)

   [ring of flight]

   Dex:       It affects your dexterity (+2).
   Slay:      It affects your accuracy & damage with ranged weapons and melee
   (+4).
   Fly:       It grants you flight.
 J - a +4 ring of evasion (right hand)
 R - a ring of protection from fire
 T - an amulet of magic regeneration
 Z - a ring of protection from cold (left hand)
Wands
 e - a wand of mindburst (13)
 i - a wand of polymorph (6)
 s - a wand of quicksilver (1)
 D - a wand of paralysis (10)
 E - a wand of roots (25)
 Q - a wand of flame (17)
 V - a wand of digging (5)
Scrolls
 c - a scroll of vulnerability
 d - 6 scrolls of brand weapon
 f - a scroll of summoning
 n - 4 scrolls of fear
 p - 10 scrolls of enchant weapon
 t - 6 scrolls of blinking
 u - a scroll of identify
 v - a scroll of acquirement {unknown}
 w - 6 scrolls of teleportation
 x - 4 scrolls of butterflies
 K - 4 scrolls of immolation
 M - 2 scrolls of torment {unknown}
Potions
 a - 2 potions of magic
 b - 5 potions of lignification
 g - a potion of resistance {unknown}
 h - a potion of attraction
 k - 5 potions of flight
 l - 5 potions of curing
 m - a potion of berserk rage
 r - 3 potions of ambrosia
 z - 5 potions of mutation
 G - 2 potions of haste
 L - 3 potions of heal wounds
 O - a potion of cancellation
 S - 3 potions of might
 X - 2 potions of brilliance {unknown}
 Y - a potion of invisibility
Miscellaneous
 C - a lightning rod (4/4)
 P - a condenser vane


   Skills:
 - Level 10.0 Fighting
 - Level 5.0 Dodging
 - Level 3.0 Stealth
 + Level 11.4 Spellcasting
 - Level 12.0 Conjurations
 - Level 3.0 Hexes
 - Level 3.0 Translocations
 * Level 11.0 Ice Magic
 + Level 6.0 Air Magic
 + Level 3.0 Earth Magic
 - Level 10.0 Evocations


You couldn't memorise any spells.
You knew the following spells:

 Your Spells              Type           Power      Damage    Failure   Level
a - Magic Dart            Conj           100%       1d8       1%          1
b - Searing Ray           Conj           100%       2d8       1%          2
c - Fulminant Prism       Conj/Hex       23%        3d12      1%          4
d - Iskenderun's Mystic   Conj/Tloc      47%        2d10      1%          4
e - Freezing Cloud        Conj/Ice/Air   27%        6-21      1%          5
f - Airstrike             Air            20%        2d(3-19)  1%          4
g - Ozocubu's Refrigerat  Ice            29%        4d14      12%         7
h - Iron Shot             Conj/Erth      23%        9d5       10%         6
z - Blink                 Tloc           52%        N/A       2%          2

Your spell library contained the following spells:

 Spells                   Type           Power      Damage    Failure   Level
 Apportation              Tloc           52%        N/A       1%          1
 Freeze                   Ice            100%       1d10      1%          1
 Momentum Strike          Conj/Tloc      94%        3d10      1%          2
 Poisonous Vapours        Pois/Air       54%        N/A       1%          2
 Dazzling Flash           Conj/Hex       94%        N/A       1%          3
 Frozen Ramparts          Ice            100%       1d16      1%          3
 Hailstorm                Conj/Ice       60%        3d13      1%          3
 Kindle Blastsparks       Fire/Tloc/Air  52%        2d14      1%          3
 Mephitic Cloud           Conj/Pois/Air  40%        N/A       1%          3
 Lightning Bolt           Conj/Air       26%        1d42      1%          5
 Gell's Gravitas          Tloc           26%        N/A       4%          3
 Ignite Poison            Fire/Tmut/Pois 13%        N/A       4%          3
 Lesser Beckoning         Tloc           52%        N/A       4%          3
 Portal Projectile        Hex/Tloc       52%        N/A       4%          3
 Teleport Other           Tloc           26%        N/A       4%          3
 Call Canine Familiar     Summ           13%        N/A       14%         3
 Leda's Liquefaction      Hex/Erth       13%        N/A       14%         4
 Starburst                Conj/Fire      20%        6d7       17%         6
 Summon Forest            Summ/Tloc      10%        N/A       58%         5
 Summon Mana Viper        Hex/Summ       20%        N/A       58%         5
 Alistair's Intoxication  Tmut/Pois      8%         N/A       80%         5
 Summon Cactus Giant      Summ           6%         N/A       100%        6
 Storm Form               Tmut/Air       13%        N/A       100%        7


Dungeon Overview and Level Annotations

Branches:
Dungeon (12/15)            Temple (1/1) D:5            Lair (5/5) D:9
 Shoals (0/4) Lair:2       Spider (0/4) Lair:2        Slime (1/5) Lair:4
    Orc (0/2) D:11         Bailey (visited)         Gauntlet (1/1)

Altars:
Ashenzari
Cheibriados
Dithmenos
Elyvilon
Fedhas
Gozag
Hepliaklqana
Kikubaaqudgha
Makhleb
Nemelex Xobeh
Okawaru
Qazlal
Ru
Sif Muna
Trog
Uskayaw
Vehumet
Wu Jian
Xom
Yredelemnul
Zin
The Shining One
Jiyva

Shops:
D:3 *   D:8 [   D:9 !

Annotations:
Gauntlet 11 transporters


Innate Abilities, Weirdness & Mutations

You can spit globs of acid.
Your golden yellow scales are hard. (AC +8)
You cannot fit into any form of body armour.
You have acidic saliva.
You are cold-blooded and may be slowed by cold attacks.
You are resistant to acid. (rCorr)


Message History

Your Earth Magic skill increases to level 3!
Casting: Iskenderun's Mystic Blast (mildly dangerous; 1% risk of failure)
Confirm with . or Enter, or press ? or * to list all spells.
Aiming: Freezing Cloud (mildly dangerous; 1% risk of failure)
Press: ? - help, Dir - move target, p - death drake You feel very sick.
The spectral centaur warrior is engulfed in freezing vapours.
The death drake is engulfed in freezing vapours.
The death drake breathes miasma at you. The foul vapour engulfs you!
You are more poisoned.
You feel yourself slow down.
The spectral centaur warrior is engulfed in freezing vapours.
The spectral centaur warrior hits you but does no damage.
The spectral centaur warrior misses you.
Casting: Freezing Cloud (mildly dangerous; 1% risk of failure)
Confirm with . or Enter, or press ? or * to list all spells.
You erupt in a blast of force!
The mystic blast hits the death drake!
The death drake is almost dead.
The death drake is knocked back by the mystic blast.
The death drake slams into the translucent stone wall!
The death drake is almost dead.
The mystic blast hits the spectral centaur warrior.
The spectral centaur warrior is severely damaged.
The spectral centaur warrior is knocked back by the mystic blast.
You are engulfed in dark miasma.
You are more poisoned.
You feel extremely sick.
The death drake is engulfed in freezing vapours.
The death drake seems to slow down.
You kill the death drake!
Vehumet accepts your kill.
You feel your power returning.
The spectral centaur warrior is engulfed in freezing vapours.
Your life force feels restored.
You are engulfed in dark miasma.
You are lethally poisoned!
You feel as though you will be slow longer.
* * * LOW HITPOINT WARNING * * *
You die...

#########.....#.©.#.....#########
.#.©.#........#...#........#.©.#.
.#.8.#...8....#.©.#....8...#.8.#.
.#.©.#.....###########.....#.©.#.
########...#..[:©(...#...########
..[©?###...#.........#...#x$.©xXx
.###$###...#.........#...#.###.xX
.##..#.#...#..°°°....#...#.###..x
...©...#.8.#.§°°@....#.8.#.###..x
t#..##.#...#§§°○°°...#...#...©##x
##.###.#...#§§Z°§....#...#.#.x##x
##....t#...#§§§§§....#...#...X..x
########...#.§§§§....#...########
...©.......###########.......©...
...8.....8......©......8.....8...
.............∩..8..∩....§§.......
≈#§#≈#≈#≈#.............#§#≈#≈#≈#≈


You could see a spectral centaur warrior.

Vanquished Creatures
  Nessos (Lair:4)
  A dire elephant (Lair:5)
  Josephine (Lair:5)
  3 hydras
  An ogre mage (D:10)
  A boulder beetle (Lair:1)
  A two-headed ogre (D:10)
  A death yak (Lair:5)
  A spectral death yak (Lair:5)
  A spectral anaconda (Lair:5)
  A death drake (Gauntlet)
  An obsidian statue (Lair:5)
  A spectral wolf spider (Gauntlet)
  3 necromancers (Lair:5)
  2 ugly things (D:11)
  2 cyclopes (D:11)
  23 elephants
  Joseph (D:7)
  4 black mambas
  A merfolk siren (Lair:2)
  Maurice (D:10)
  A dire elephant skeleton (Lair:5)
  An eye of devastation (Slime:1)
  A gargoyle (D:11)
  2 torpor snails (Lair:4)
  20 cane toads
  2 unseen horrors (D:11)
  4 rime drakes
  6 komodo dragons
  A burning bush (Lair:2)
  A polar bear (Lair:5)
  3 hornets (D:10)
  A slime creature (Lair:4)
  16 blink frogs
  A spectral elephant (Lair:5)
  2 jumping spiders (Lair:2)
  A vampire (D:11)
  6 wraiths
  3 wyverns
  2 basilisks (Lair:4)
  50 yaks
  6 golden eyes (Slime:1)
  A steam dragon (D:7)
  2 vampire mosquitoes (D:11)
  A redback (Lair:2)
  A spectral cane toad (Lair:5)
  3 hell hounds (D:10)
  8 water moccasins
  2 floating eyes (D:10)
  3 ice beasts
  20 orc warriors
  2 sky beasts
  2 ogres
  A black bear (D:5)
  16 wolves
  12 centaurs
  An elephant skeleton (Lair:5)
  A kobold brigand (D:7)
  A phantom (D:5)
  10 bullfrogs
  A gnoll sergeant (D:8)
  A scorpion (D:7)
  14 wights
  10 killer bees
  4 howler monkeys
  6 orc priests
  3 hounds
  6 jellies
  Crazy Yiuf (D:5)
  3 iguanas
  16 orc wizards
  5 adders
  11 gnolls
  A white imp (D:8)
  2 worms
  3 dart slugs
  63 orcs
  4 ball pythons
  5 endoplasms
  3 giant cockroaches
  4 hobgoblins
  4 jackals
  5 quokkas
  10 bats
  4 frilled lizards
  8 goblins
  13 kobolds
  2 rats
  A spectral orc (D:5)
482 creatures vanquished.

Vanquished Creatures (others)
  6 fulminant prisms
  37 fungi
  65 plants
  26 withered plants
134 creatures vanquished.

Grand Total: 616 creatures vanquished

Notes
Turn   | Place    | Note
-------+----------+-------------------------------------------
     0 | D:1      | themarg the Draconian Conjurer began the quest for the Orb.
     0 | D:1      | Reached XP level 1. HP: 14/14 MP: 3/3
   220 | D:1      | Reached XP level 2. HP: 20/20 MP: 1/5
   344 | D:1      | Learned a level 2 spell: Searing Ray
  1098 | D:2      | Reached XP level 3. HP: 26/26 MP: 1/6
  1531 | D:2      | Identified the +1 whip "Fecwing" {vorpal, Str+4 Dex+2}
  2167 | D:3      | Found Boorear's Assorted Antiques.
  2252 | D:3      | Found an ornate altar of the Wu Jian Council.
  2429 | D:3      | Reached XP level 4. HP: 33/33 MP: 5/8
  2628 | D:3      | Found a blossoming altar of Fedhas.
  2884 | D:4      | Noticed an ogre
  3102 | D:4      | Reached XP level 5. HP: 4/38 MP: 0/9
  3404 | D:4      | Reached skill level 5 in Conjurations
  3932 | D:4      | Killed an ogre
  3933 | D:4      | Reached XP level 6. HP: 10/45 MP: 3/12
  4173 | D:4      | Found a broken altar of Ashenzari.
  4238 | D:5      | Entered Level 5 of the Dungeon
  4283 | D:5      | Found a staircase to the Ecumenical Temple.
  4302 | D:5      | Reached skill level 6 in Conjurations
  4308 | Temple   | Entered the Ecumenical Temple
  4412 | Temple   | Became a worshipper of Vehumet
  4549 | D:5      | Found a sacrificial altar of Ru.
  4568 | D:5      | Your scales start taking on a golden yellow colour.
  4568 | D:5      | Reached XP level 7. HP: 50/50 MP: 10/14
  4568 | D:5      | Gained mutation: You are resistant to acid. (rCorr) [Yellow
                  | Draconian growth]
  4681 | D:5      | Found a shadowy altar of Dithmenos.
  4740 | D:5      | Reached skill level 5 in Spellcasting
  5086 | D:5      | Reached skill level 7 in Conjurations
  5252 | D:5      | Found a hazy altar of Hepliaklqana.
  5336 | D:5      | Found a runed translucent door.
  5337 | D:5      | Noticed Crazy Yiuf
  5427 | D:5      | Killed Crazy Yiuf
  5926 | D:6      | Reached skill level 8 in Conjurations
  5933 | D:6      | Reached XP level 8. HP: 57/57 MP: 5/15
  6122 | D:6      | Reached skill level 9 in Conjurations
  6330 | D:6      | Found an opulent altar of Gozag.
  6814 | D:6      | Reached skill level 10 in Conjurations
  6935 | D:6      | Found a shimmering altar of Xom.
  7160 | D:3      | Bought 3 scrolls of identify for 138 gold pieces
  7160 | D:3      | Bought a scroll of identify for 46 gold pieces
  7365 | D:7      | Noticed Joseph
  7378 | D:7      | Killed Joseph
  7379 | D:7      | Reached skill level 1 in Fighting
  7379 | D:7      | Reached skill level 1 in Hexes
  7379 | D:7      | Reached skill level 1 in Evocations
  7541 | D:7      | Noticed an angel
  7542 | D:7      | Found a glowing silver altar of Zin.
  7613 | D:7      | Reached XP level 9. HP: 47/67 MP: 7/16
  8011 | D:7      | Reached * piety under Vehumet
  8011 | D:7      | Offered knowledge of Sandblast by Vehumet.
  8017 | D:7      | Learned a level 4 spell: Fulminant Prism
  8022 | D:7      | Learned a level 4 spell: Iskenderun's Mystic Blast
  8947 | D:8      | Found a basalt altar of Yredelemnul.
  8966 | D:8      | Reached skill level 1 in Ice Magic
  9175 | D:8      | Found a sparkling altar of Nemelex Xobeh.
  9756 | D:8      | Reached XP level 10. HP: 63/80 MP: 10/18
  9825 | D:8      | Reached skill level 5 in Fighting
 10212 | D:8      | Found Houngy's Armour Shop.
 10453 | D:9      | Reached skill level 1 in Air Magic
 10481 | D:9      | Reached skill level 5 in Evocations
 10483 | D:9      | Reached ** piety under Vehumet
 10483 | D:9      | Offered knowledge of Shock by Vehumet.
 10693 | D:9      | Found a stormy altar of Qazlal.
 11054 | D:9      | Reached skill level 5 in Dodging
 11054 | D:9      | Reached skill level 5 in Ice Magic
 11144 | D:9      | Found a white marble altar of Elyvilon.
 11178 | D:9      | Found Fukhloac's Distillery.
 11186 | D:9      | Bought a potion of heal wounds for 50 gold pieces
 11186 | D:9      | Bought a potion of curing for 30 gold pieces
 11186 | D:9      | Bought a potion of curing for 30 gold pieces
 11350 | D:9      | Found a staircase to the Lair.
 11459 | D:10     | Entered Level 10 of the Dungeon
 11605 | D:10     | Found a flagged portal.
 11609 | D:10     | Offered knowledge of Scorch by Vehumet.
 11633 | Bailey   | Entered a bailey
 11980 | Bailey   | Reached XP level 11. HP: 88/88 MP: 21/21
 12168 | Bailey   | Reached *** piety under Vehumet
 12353 | Bailey   | Learned a level 5 spell: Freezing Cloud
 12800 | Bailey   | Offered knowledge of Airstrike by Vehumet.
 12806 | Bailey   | Learned a level 4 spell: Airstrike
 13372 | D:10     | Noticed Maurice
 13383 | D:10     | Killed Maurice
 13586 | D:10     | Found a shimmering blue altar of Sif Muna.
 13947 | D:10     | Noticed a two-headed ogre
 13954 | D:10     | Killed a two-headed ogre
 14183 | D:10     | Reached **** piety under Vehumet
 14384 | D:10     | Paralysed by a floating eye for 2 turns
 14441 | D:10     | Noticed an ogre mage
 14449 | D:10     | Killed an ogre mage
 14449 | D:10     | Offered knowledge of Lightning Bolt by Vehumet.
 14640 | D:10     | Noticed a hell knight
 14943 | D:11     | Noticed a purple ugly thing
 14948 | D:11     | Killed a purple ugly thing
 15215 | D:11     | Reached skill level 11 in Conjurations
 15422 | D:11     | Noticed a brown ugly thing
 15443 | D:11     | Killed a brown ugly thing
 15444 | D:11     | Reached XP level 12. HP: 99/100 MP: 9/24
 16252 | D:11     | Found a staircase to the Orcish Mines.
 16699 | Lair:1   | Entered Level 1 of the Lair of Beasts
 16706 | Lair:1   | Noticed a boulder beetle
 16738 | Lair:1   | Killed a boulder beetle
 16829 | Lair:1   | Identified the +0 chain mail of Calculation {Harm rF- rN+++
                  | Int-2}
 16855 | Lair:1   | Identified the ring "Ronannots" {Fly Dex+2 Slay+4}
 17561 | Lair:1   | Reached ***** piety under Vehumet
 17561 | Lair:1   | Offered knowledge of Ozocubu's Refrigeration by Vehumet.
 17667 | Lair:1   | Learned a level 7 spell: Ozocubu's Refrigeration
 18428 | Lair:2   | Found a staircase to the Shoals.
 18430 | Lair:2   | Found a hole to the Spider Nest.
 18940 | Lair:2   | Noticed an eight-headed hydra
 18945 | Lair:2   | Killed an eight-headed hydra
 19281 | Lair:3   | Reached XP level 13. HP: 110/110 MP: 17/26
 19501 | Lair:3   | Reached skill level 5 in Air Magic
 20268 | Lair:3   | Identified the +5 chain mail of the Land of Plenty {Str+2}
 20624 | Lair:4   | Reached skill level 12 in Conjurations
 20927 | Lair:4   | Reached skill level 10 in Evocations
 21234 | Lair:4   | Offered knowledge of Iron Shot by Vehumet.
 21348 | Lair:4   | Found a staircase to the Slime Pits.
 21349 | Lair:4   | Found a viscous altar of Jiyva.
 21371 | Lair:4   | Noticed Nessos
 21380 | Slime:1  | Entered Level 1 of the Pits of Slime
 21645 | Lair:4   | Killed Nessos
 21646 | Lair:4   | Reached skill level 10 in Fighting
 22187 | Lair:4   | Reached skill level 10 in Spellcasting
 22433 | Lair:4   | Learned a level 2 spell: Blink
 22886 | Lair:5   | Entered Level 5 of the Lair of Beasts
 23425 | Lair:5   | Noticed Josephine
 23511 | Lair:5   | Killed Josephine
 23525 | Lair:5   | Reached skill level 10 in Ice Magic
 23838 | Lair:5   | Gained mutation: You have acidic saliva. [Yellow Draconian
                  | growth]
 23838 | Lair:5   | Reached XP level 14. HP: 121/121 MP: 13/28
 23928 | Lair:5   | Learned a level 6 spell: Iron Shot
 24387 | Lair:5   | Reached skill level 1 in Earth Magic
 25174 | Lair:5   | Got the Codex of the Unclean Storm
 25979 | D:12     | Found a gate leading to a gauntlet.
 25986 | Gauntlet | Entered a Gauntlet
 25986 | Gauntlet | Found a transporter.
 25995 | Gauntlet | Found a transporter.
 25997 | Gauntlet | Found a transporter.
 26000 | Gauntlet | Found a transporter.
 26000 | Gauntlet | Found a transporter.
 26001 | Gauntlet | Found a transporter.
 26009 | Gauntlet | Found a transporter.
 26016 | Gauntlet | Found a transporter.
 26029 | Gauntlet | Found a transporter.
 26046 | Gauntlet | Found a transporter.
 26050 | Gauntlet | Found a transporter.
 26062 | Gauntlet | Found a transporter.
 26211 | Gauntlet | Succumbed to poison (dark miasma)

Illustrated notes

Levels and vault maps discovered:
D:1:      minmay_arrival_diagonal_passages, layout_rooms
D:2:      layout_basic, minmay_pentomino_v2
D:3:      layout_basic, nzn_wu_jian_council_hall, mainiacjoe_overflow_alcove_2,
          serial_shops, shop, serial_corexii_hall, corexii_hall_statues_x,
          corexii_hall_statues_t, chequers_hall_statues_corner_a,
          corexii_hall_statues_s
D:4:      layout_basic, nicolae_ashenzari_skybound,
          eino_small_chamber_without_monster, st_stairs_9, nzn_random_ring
D:5:      layout_basic, grunt_dithmenos_smoke_and_mirrors,
          general_overflow_altar, nicolae_hepliaklqana_monster_ancestors,
          minmay_temple_entry_ruins, chequers_avenue, st_stairs_6,
          hangedman_decor_peaks_small, uniq_crazy_yiuf_cottage
D:6:      layout_basic, tgw_xom, mainiacjoe_overflow_alcove_4,
          lemuel_flame_loot_1
D:7:      layout_cave_pods, zin_angel, uniq_joseph
D:8:      wad_crossroads, layout_basic, mainiacjoe_overflow_surrounded_room,
          yredelemnul_altar_generic, serial_shops, shop
D:9:      layout_rooms, kennysheep_mini_moat,
          mainiacjoe_overflow_six_doors_small, david_lair_shrubbed,
          serial_shops, shop, nicolae_elevator_lobby_plus
D:10:     hellmonk_paralyzer, layout_basic, mainiacjoe_overflow_tiny_flanked,
          enter_bailey_7, minmay_rotating_lava, uniq_maurice
D:11:     layout_layer_cave, hiddenorc1_lemuel
D:12:     layout_loops_corners, gauntlet_entry_generic
Temple:   hellmonk_temple_of_storms
Lair:1:   layout_cave_pods
Lair:2:   layout_gridlike, minmay_shoals_entry_lonely_mermaid,
          spider_nest_entry_a, evilmike_ambush [evilmike_ambush_outer_basic,
          evilmike_ambush_inner_pond], serial_bayou_shore_b
Lair:3:   layout_cave_pods, beast_lair_carwin_4, infiniplex_staircase_pool_2,
          serial_bayou_shore_b, grunt_megastairs_2
Lair:4:   layout_layer_cave, minmay_slime_entry_pillars, serial_bayou_shore_a,
          grunt_megastairs_5, infiniplex_staircase_pool, uniq_nessos
Lair:5:   due_jungle_book, layout_gridlike, minivault_25,
          hangedman_lair_unloving_vines, nicolae_lair_lil_pond, roderic_batcave,
          uniq_josephine
Slime:1:  layout_caves
Gauntlet: minmay_gauntlet_mixed_oops_all_seconds
          [minmay_gauntlet_arena_77_p_blocks, gammafunk_gauntlet_arena_open,
          minmay_gauntlet_arena_77_block_sizes, nicolae_gauntlet_arena_grate_2,
          minmay_gauntlet_arena_77_double_cross,
          gammafunk_gauntlet_arena_split_x, gauntlet_exit_green]

Skill      XL: |  1  2  3  4  5  6  7  8  9 10 11 12 13 14 |
---------------+-------------------------------------------+-----
Dodging        | 2 3 5 |  5.0
Stealth        | 2 3 |  3.0
Spellcasting   | 3 4 5 7 8 9 10 11 | 11.4
Conjurations   | 5 6 8 10 11 12 | 12.0
Fighting       | 1 4 5 7 8 10 | 10.0
Hexes          | 2 3 |  3.0
Translocations | 2 3 |  3.0
Evocations     | 1 4 5 7 9 10 | 10.0
Ice Magic      | 2 5 6 7 10 11 | 11.0
Air Magic      | 3 4 5 6 |  6.0
Earth Magic    | 3 |  3.0

Action                   |  1- 3 |  4- 6 |  7- 9 | 10-12 | 13-15 || total
-------------------------+-------+-------+-------+-------+-------++-------
Melee: Dagger            |    22 |     8 |       |       |       ||    30
       Tailslap          |     2 |     4 |     3 |    11 |    25 ||    45
       Whip              |       |     4 |    39 |    31 |    64 ||   138
       Bite              |       |       |       |       |     5 ||     5
 Fire: Sling             |    18 |       |       |       |       ||    18
Throw: Dart              |       |       |       |    17 |       ||    17
       Stone             |       |       |       |     4 |       ||     4
 Cast: Magic Dart        |    54 |    19 |    28 |    47 |     1 ||   149
       Searing Ray       |    12 |    21 |    73 |   124 |    58 ||   288
       Iskenderun's Myst |       |       |     2 |    34 |    70 ||   106
       Fulminant Prism   |       |       |     1 |     4 |     1 ||     6
       Freezing Cloud    |       |       |       |    52 |    72 ||   124
       Airstrike         |       |       |       |     3 |    13 ||    16
       Ozocubu's Refrige |       |       |       |       |     2 ||     2
       Iron Shot         |       |       |       |       |     3 ||     3
 Abil: Breathe Acid      |       |       |     8 |    23 |    13 ||    44
Evoke: Wand              |       |     1 |       |       |    19 ||    20
       Lightning rod     |       |       |       |       |     3 ||     3
  Use: Scroll            |       |     7 |     9 |    12 |     2 ||    30
       Potion            |       |       |       |       |     1 ||     1
Armor: Skin              |    14 |     3 |    79 |    64 |    77 ||   237
Dodge: Dodged            |    36 |    14 |    48 |   261 |   152 ||   511

Table legend: (Time is in decaauts)
 A = Elapsed time spent in this place.
 B = Non-inter-level travel time spent in this place.
 C = Inter-level travel time spent in this place.
 D = Time resting spent in this place.
 E = Time spent auto-exploring this place.
 F = Levels seen in this place.
 G = Mean time per level.
                   A        B        C        D        E       F      G
               +--------+--------+--------+--------+--------+-----+--------+
         Total |  26302 |  25269 |   1033 |   3427 |  17843 |  21 | 1252.5 |
       Dungeon |  15004 |  14211 |    793 |   1111 |  11201 |  12 | 1250.3 |
        Temple |    113 |    105 |      8 |      0 |     76 |   1 |  113.0 |
          Lair |   9065 |   8833 |    232 |   1474 |   6122 |   5 | 1813.0 |
    Slime Pits |    145 |    145 |      0 |    124 |      0 |   1 |  145.0 |
        Bailey |   1748 |   1748 |      0 |    718 |    293 |   1 | 1748.0 |
      Gauntlet |    225 |    225 |      0 |      0 |    150 |   1 |  225.0 |
               +--------+--------+--------+--------+--------+-----+--------+

Top non-repeatable levels by time:
  Lair:5: 2636 daAuts
  Lair:4: 2484 daAuts
    D:11: 1952 daAuts
  Bailey: 1748 daAuts
     D:8: 1641 daAuts
     D:7: 1520 daAuts
     D:6: 1517 daAuts
    D:10: 1482 daAuts
  Lair:2: 1354 daAuts
     D:4: 1354 daAuts
  Lair:3: 1325 daAuts
     D:5: 1290 daAuts
  Lair:1: 1264 daAuts
     D:9: 1247 daAuts
     D:2: 1196 daAuts
